 Dungeon Crawl Stone Soup version 0.29.0-13-gc9e81de378 (webtiles) character file.

Game seed: 13799311383356740245

12 brainsironically the Slasher (level 2, 0/19 HPs)
             Began as a Tengu Berserker on Sept 7, 2022.
             Was a Follower of Trog.
             Slain by a jackal (1 damage)
             ... on level 1 of the Dungeon.
             The game lasted 00:01:44 (352 turns).

brainsironically the Slasher (Tengu Berserker)       Turns: 352, Time: 00:01:44

Health: 0/19       AC:  2    Str: 17    XL:     2   Next: 33%
Magic:  3/3        EV:  9    Int:  7    God:    Trog [*.....]
Gold:   18         SH:  0    Dex: 13    Spells: 1/1 levels left

rFire   . . .      SeeInvis .   a - +0 falchion
rCold   . . .      Faith    .   (no shield)
rNeg    . . .      Spirit   .   b - +0 animal skin
rPois   .          Reflect  .   (helmet restricted)
rElec   .          Harm     .   (no cloak)
rCorr   .          Rampage  .   (no gloves)
Will    .....                   (boots unavailable)
Stlth   +.........              (no amulet)
HPRegen 0.06/turn               (no ring)
MPRegen 0.08/turn               (no ring)

@: constricted
A: beak, talons 3
a: Renounce Religion, Berserk


You were on level 1 of the Dungeon.
You worshipped Trog.
Trog was aware of your devotion.
You visited 1 branch of the dungeon, and saw 1 of its levels.

You collected 18 gold pieces.

Inventory:

Hand Weapons
 a - a +0 falchion (weapon)
 c - a +0 short sword
 e - a +0 club
 f - a +0 dagger
Missiles
 d - 4 stones (quivered)
Armour
 b - a +0 animal skin (worn)


   Skills:
 + Level 3.1 Fighting
 + Level 3.7 Long Blades
 + Level 2.3 Armour
 + Level 2.2 Dodging
 + Level 0.2 Stealth


You had one spell level left.
You didn't know any spells.
Your spell library was empty.

Dungeon Overview and Level Annotations

Branches:
Dungeon (1/15)

Altars:


Innate Abilities, Weirdness & Mutations

You have a beak for a mouth.
You have claws for feet.


Message History

The ball python misses you. The ball python grabs you.
The ball python constricts you.
You closely miss the ball python. Your kick misses the ball python.
Your peck misses the ball python.
A ball python comes into view.
The ball python bites you but does no damage.
The ball python constricts you.
You closely miss the jackal. Your kick misses the jackal. The jackal bites you.
The ball python bites you. The ball python constricts you.
The jackal bites you but does no damage.
The jackal bites you.
You miss the jackal. Your kick misses the jackal. Your peck misses the jackal.
The ball python bites you. The ball python constricts you.
The jackal bites you but does no damage.
You closely miss the jackal. You peck the jackal.
You kill the jackal!
Trog accepts your kill.
The ball python bites you but does no damage.
The ball python constricts you.
The jackal bites you but does no damage.
A frilled lizard comes into view.
The jackal bites you but does no damage.
The ball python bites you. The ball python constricts you.
The jackal barely misses you.
You closely miss the jackal.
The frilled lizard hisses angrily.
The jackal barely misses you. x2
The ball python bites you but does no damage.
The ball python constricts you. The jackal completely misses you.
You hit the jackal but do no damage. The jackal bites you.
* * * LOW HITPOINT WARNING * * *
The jackal bites you but does no damage.
The jackal bites you.
* * * LOW HITPOINT WARNING * * *
The ball python closely misses you. The ball python constricts you.
The ball python bites you.
* * * LOW HITPOINT WARNING * * *
The jackal bites you but does no damage.
The jackal bites you.
You die...

..# ..#
#.###..###
#........#
#........#
#........#
#........# #
####..S......
.#.##....@h.....#
......#.hhS...l..
##.##............
##.##.##.....
#.##........
#.######.... #.#
... #.# ### #.#


You could see 3 jackals, 2 ball pythons and a frilled lizard.

Vanquished Creatures
  3 endoplasms (D:1)
  A giant cockroach (D:1)
  A goblin (D:1)
  A hobgoblin (D:1)
  A jackal (D:1)
  A quokka (D:1)
  A kobold (D:1)
  A rat (D:1)
10 creatures vanquished.

Notes
Turn   | Place    | Note
-------+----------+-------------------------------------------
     0 | D:1      | brainsironically the Tengu Berserker began the quest for
                  | the Orb.
     0 | D:1      | Reached XP level 1. HP: 14/14 MP: 2/2
    58 | D:1      | Reached XP level 2. HP: 5/19 MP: 3/3
   352 | D:1      | Slain by a jackal

Illustrated notes

Levels and vault maps discovered:
D:1:      grunt_arrival_lava_bath, layout_loops_ring, hangedman_feature_mirror

Action                   || total
-------------------------++-------
Melee: Falchion          ||    21
       Kick              ||     4
       Peck              ||     1
 Stab: Sleeping          ||     2
Armor: Animal skin       ||    11
Dodge: Dodged            ||    10
